 Dungeon Crawl Stone Soup version 0.29-a0-451-gfbfa42419e (webtiles) character file.

Game seed: 2532654025865120465

3738 jfcaron the Merchant of Misery (level 10, -2/74 HPs)
             Began as a Gnoll Necromancer on May 20, 2022.
             Was a Believer of Kikubaaqudgha.
             Killed by divine providence
             ... invoked by an orc priest
              (11 damage)
             ... on level 7 of the Dungeon.
             The game lasted 00:30:53 (8038 turns).

jfcaron the Merchant of Misery (Gnoll Necromancer)  Turns: 8038, Time: 00:30:56

Health: -2/74      AC:  7    Str: 13    XL:     10   Next: 15%
Magic:  4/20       EV: 12    Int: 19    God:    Kikubaaqudgha [**....]
Gold:   464        SH:  5    Dex: 13    Spells: 13/23 levels left

rFire   . . .      SeeInvis .   a - +1 dagger (pain)
rCold   . . .      Faith    .   u - +0 buckler
rNeg    . . .      Spirit   .   t - +0 ring mail "Daawid Bilee" {Regen+ Str+6}
rPois   +          Reflect  .   i - +0 helmet
rElec   .          Harm     .   (no cloak)
rCorr   .          Rampage  .   (no gloves)
Will    +....                   (no boots)
Stlth   +++.......              (no amulet)
HPRegen 1.02/turn               d - ring of willpower
MPRegen 0.17/turn               E - ring of poison resistance

@: animating dead (expiring)
A: fangs 1, strong nose, distributed training
a: Renounce Religion, Unearth Wretches


You were on level 7 of the Dungeon.
You worshipped Kikubaaqudgha.
Kikubaaqudgha was pleased with you.
You visited 2 branches of the dungeon, and saw 8 of its levels.
You also visited: Sewer and Ossuary.

You collected 1055 gold pieces.
You spent 591 gold pieces at shops.

Inventory:

Hand Weapons
 a - a +1 dagger of pain (weapon)
 b - a +0 short sword of holy wrath
 e - a +1 vorpal flail
 g - a +1 vampiric whip
 w - a +5 long sword
 y - a +1 rapier of electrocution
 z - a +2 short sword of venom
Missiles
 k - 96 stones
 l - 43 poisoned darts
 s - 3 curare-tipped darts {!f}
Armour
 i - a +0 helmet (worn)
 t - the +0 ring mail "Daawid Bilee" (worn) {Regen+ Str+6}
   (You bought it in a shop on level 1 of the Dungeon)

   Str:       It affects your strength (+6).
   Regen:     It increases your rate of health regeneration.
 u - a +0 buckler (worn)
 N - the +2 leather armour "Dubodots" {Will+ Int+3}
   (You took it off a gnoll shaman on level 7 of the Dungeon)

   Int:       It affects your intelligence (+3).
   Will:      It increases your willpower.
Jewellery
 c - a ring of positive energy
 d - a ring of willpower (left hand)
 j - a ring of protection from cold
 n - an amulet of faith
 v - a ring of willpower
 E - a ring of poison resistance (right hand)
Scrolls
 f - 2 scrolls of fog
 h - 2 scrolls of blinking
 q - 3 scrolls of teleportation
 x - 4 scrolls of fear
 G - a scroll of immolation {unknown}
 H - 4 scrolls of vulnerability
 K - a scroll of amnesia {unknown}
 L - 2 scrolls of identify
 M - a scroll of poison {unknown}
Potions
 m - 6 potions of mutation
 o - 2 potions of ambrosia
 p - 2 potions of haste
 r - 4 potions of curing
 A - a potion of might
 B - 2 potions of attraction
 C - a potion of berserk rage {unknown}
 D - 2 potions of heal wounds
 F - 3 potions of invisibility
 I - a potion of lignification {unknown}
 J - 3 potions of magic


   Skills:
 + Level 5.0 Fighting
 + Level 5.0 Short Blades
 + Level 5.0 Long Blades
 + Level 5.0 Axes
 + Level 5.0 Maces & Flails
 + Level 5.0 Polearms
 + Level 5.0 Staves
 + Level 5.0 Slings
 + Level 5.0 Bows
 + Level 5.0 Crossbows
 + Level 5.0 Throwing
 + Level 5.0 Armour
 + Level 6.8 Dodging
 + Level 6.6 Stealth
 + Level 5.0 Shields
 + Level 5.0 Unarmed Combat
 + Level 7.1 Spellcasting
 + Level 4.1 Conjurations
 + Level 4.1 Hexes
 + Level 4.1 Summonings
 + Level 8.3 Necromancy
 + Level 4.1 Translocations
 + Level 4.1 Transmutations
 + Level 4.1 Fire Magic
 + Level 4.1 Ice Magic
 + Level 4.1 Air Magic
 + Level 4.1 Earth Magic
 + Level 4.1 Poison Magic
 + Level 5.5 Invocations
 + Level 5.0 Evocations


You had 13 spell levels left.
You knew the following spells:

 Your Spells              Type           Power      Damage    Failure   Level
a - Necrotize             Necr           100%       1d9       1%          1
b - Vampiric Draining     Necr           38%        2d8       2%          3
c - Animate Dead          Necr           38%        N/A       9%          4
d - Sublimation of Blood  Necr           38%        N/A       1%          2

Your spell library contained the following spells:

 Spells                   Type           Power      Damage    Failure   Level
 Wereblood                Tmut           22%        N/A       7%          2
 Confusing Touch          Hex            22%        N/A       14%         3
 Ozocubu's Armour         Ice            22%        N/A       14%         3
 Anguish                  Hex/Necr       15%        N/A       21%         4
 Agony                    Necr           38%        N/A       24%         5
 Metabolic Englaciation   Hex/Ice        11%        N/A       78%         5
 Yara's Violent Unravell  Hex/Tmut       11%        3d6       78%         5
 Simulacrum               Ice/Necr       15%        N/A       97%         6
 Enfeeble                 Hex            11%        N/A       100%        7
 Malign Gateway           Summ/Tloc      11%        N/A       100%        7
 Summon Hydra             Summ           11%        N/A       100%        7
 Summon Horrible Things   Summ           11%        N/A       100%        8


Dungeon Overview and Level Annotations

Branches:
Dungeon (7/15)             Temple (1/1) D:5           Sewer (visited)
Ossuary (visited)

Altars:
Ashenzari
Cheibriados
Dithmenos
Elyvilon
Fedhas
Hepliaklqana
Kikubaaqudgha
Makhleb
Nemelex Xobeh
Okawaru
Qazlal
Ru
Sif Muna
Trog
Uskayaw
Vehumet
Wu Jian
Xom
Yredelemnul
Zin
The Shining One

Shops:
D:1 [

Annotations:
D:6 2 runed translucent doors, b0nj0m0n's ghost, novice DDNe


Innate Abilities, Weirdness & Mutations

You have very sharp teeth.
Your uncanny sense of smell can sniff out nearby items.
Your experience applies equally to all skills.


Message History

The orc warrior hits your ogre zombie with a +0 battleaxe!
The orc warrior hits your water moccasin zombie with a +0 battleaxe!
The orc warrior hits your ogre zombie with a +0 battleaxe!
Your ogre zombie hits the orc warrior but does no damage.
You hit the orc warrior but do no damage.
The orc warrior writhes in agony!
You kill the orc warrior!
Kikubaaqudgha accepts your kill.
The dead are walking!
Your water moccasin zombie bites the orc warrior but does no damage.
Something hits you.
* * * LOW HITPOINT WARNING * * *
Your ogre zombie hits the orc warrior but does no damage.
The orc warrior hits your ogre zombie with a +0 battleaxe! x2
The orc warrior hits your orc warrior zombie with a +0 battleaxe.
The orc warrior barely misses your water moccasin zombie.
Unknown command.
Something completely misses you. Something hits you but does no damage.
Your water moccasin zombie closely misses the orc warrior.
The orc throws a stone.
The stone closely misses you.
The orc warrior hits your ogre zombie with a +0 battleaxe. x2
The orc warrior hits your water moccasin zombie with a +0 battleaxe!!
Your water moccasin zombie is destroyed!
The orc warrior closely misses your orc warrior zombie.
An orc priest comes into view.
It is wielding a +1 falchion of protection.
Unknown command.
Something hits you but does no damage. Something hits you.
* * * LOW HITPOINT WARNING * * *
Your ogre zombie misses the orc warrior.
Your orc warrior zombie hits the orc warrior!
Your ogre zombie hits the orc warrior!
The orc warrior hits your ogre zombie with a +0 battleaxe!!
Your ogre zombie is destroyed!
The orc warrior hits your ogre zombie with a +0 battleaxe!
Your ogre zombie is destroyed!
The orc warrior hits your orc warrior zombie with a +0 battleaxe!
The orc priest invokes the aid of Beogh against you.
Beogh smites you!
You die...
Kikubaaqudgha rasps: "You have failed me!
Welcome... death!"

..........#.. ......
...........#.######......
............#... ..##.....
.............#..###.#..#...
.............#..#...#..##..
............/#.........#.#.
.....(.......#...........#.
......).[....###..†)....#.
###......@........[.......
#...Z........#$.....###...
#.#..o......##.)....##....
.......o.....##...###......
...o#.o......##.<.##.......
... #(..#######...##.......
#. ..##o# #...#.......# ...
..# #...#....#### .#. ...#
###.#..##


You could see an orc warrior (unaware, ally target), an orc priest, 3 orcs and a
friendly orc warrior zombie.

Vanquished Creatures
  A troll (D:6)
  A hornet (D:6)
  A steam dragon (D:7)
  Edmund (D:3)
  2 water moccasins
  2 ice beasts
  An orc warrior (D:7)
  A sky beast (D:6)
  2 black bears (D:5)
  2 ogres
  A centaur (D:7)
  6 kobold brigands
  An elf zombie (Ossuary)
  4 bullfrogs
  3 scorpions
  5 wights (D:6)
  A water moccasin zombie (D:7)
  A troll zombie (Ossuary)
  A howler monkey (D:7)
  2 bullfrog zombies (D:7)
  2 centaur zombies (Ossuary)
  4 human zombies (Ossuary)
  4 jellies
  4 hounds
  A gnoll shaman (D:7)
  5 iguanas
  5 orc wizards
  4 ogre zombies
  8 mummies
  A steam dragon zombie (D:7)
  5 adders
  4 river rats (Sewer)
  A shadow imp (D:7)
  A white imp (D:7)
  3 ufetubi
  3 adder zombies (Ossuary)
  4 worms (Sewer)
  3 dart slugs
  24 orcs
  9 ball pythons
  7 bats
  10 endoplasms
  5 giant cockroaches
  7 goblins
  3 hobgoblins
  6 jackals
  10 kobolds
  3 quokkas
  A river rat zombie (Sewer)
  4 frilled lizards
  2 goblin zombies (Ossuary)
  3 hobgoblin zombies
  6 kobold zombies (Ossuary)
  7 orc zombies
  3 quokka zombies (Ossuary)
  4 rats
  4 rat zombies (Ossuary)
  51 plants (D:6)
270 creatures vanquished.

Notes
Turn   | Place    | Note
-------+----------+-------------------------------------------
     0 | D:1      | jfcaron the Gnoll Necromancer began the quest for the Orb.
     0 | D:1      | Reached XP level 1. HP: 13/13 MP: 6/6
    61 | D:1      | Reached XP level 2. HP: 19/19 MP: 4/7
   460 | D:1      | Reached XP level 3. HP: 25/25 MP: 7/9
   465 | D:1      | Learned a level 3 spell: Vampiric Draining
   499 | D:1      | Reached skill level 5 in Spellcasting
   538 | D:1      | Found Cuwul's Antique Armour Emporium.
   720 | D:1      | Found a faded altar of an unknown god.
   927 | D:2      | Reached skill level 1 in Invocations
  1365 | D:1      | Bought a thick robe for 142 gold pieces
  1365 | D:1      | Identified the +2 robe of Koimahol {Str+3 Stlth-} (You
                  | bought it in a shop on level 1 of the Dungeon)
  1432 | D:2      | Reached skill level 1 in Fighting
  1432 | D:2      | Reached skill level 1 in Short Blades
  1432 | D:2      | Reached skill level 1 in Long Blades
  1432 | D:2      | Reached skill level 1 in Axes
  1432 | D:2      | Reached skill level 1 in Maces & Flails
  1432 | D:2      | Reached skill level 1 in Polearms
  1432 | D:2      | Reached skill level 1 in Staves
  1432 | D:2      | Reached skill level 1 in Slings
  1432 | D:2      | Reached skill level 1 in Bows
  1432 | D:2      | Reached skill level 1 in Crossbows
  1432 | D:2      | Reached skill level 1 in Throwing
  1432 | D:2      | Reached skill level 1 in Armour
  1432 | D:2      | Reached skill level 1 in Shields
  1432 | D:2      | Reached skill level 1 in Unarmed Combat
  1432 | D:2      | Reached skill level 1 in Evocations
  1791 | D:3      | Reached XP level 4. HP: 32/32 MP: 8/11
  1799 | D:3      | Learned a level 4 spell: Animate Dead
  2577 | D:4      | Identified a scroll of acquirement
  2577 | D:4      | Acquired 652 gold pieces
  2633 | D:1      | Bought a bronze ring mail for 225 gold pieces
  2633 | D:1      | Identified the +0 ring mail "Daawid Bilee" {Regen+ Str+6}
                  | (You bought it in a shop on level 1 of the Dungeon)
  2655 | D:1      | Bought a helmet for 112 gold pieces
  2660 | D:1      | Bought a buckler for 112 gold pieces
  2739 | D:4      | Noticed Edmund
  2742 | D:4      | Noticed an ice beast
  2752 | D:3      | Killed Edmund
  2753 | D:3      | Reached skill level 1 in Conjurations
  2753 | D:3      | Reached skill level 1 in Hexes
  2753 | D:3      | Reached skill level 1 in Summonings
  2753 | D:3      | Reached skill level 1 in Translocations
  2753 | D:3      | Reached skill level 1 in Transmutations
  2753 | D:3      | Reached skill level 1 in Fire Magic
  2753 | D:3      | Reached skill level 1 in Ice Magic
  2753 | D:3      | Reached skill level 1 in Air Magic
  2753 | D:3      | Reached skill level 1 in Earth Magic
  2753 | D:3      | Reached skill level 1 in Poison Magic
  2753 | D:3      | Reached XP level 5. HP: 26/37 MP: 2/12
  2921 | D:4      | Reached XP level 6. HP: 38/44 MP: 9/13
  3120 | D:4      | Killed an ice beast
  3121 | D:4      | Reached skill level 5 in Dodging
  3543 | D:5      | Entered Level 5 of the Dungeon
  3601 | D:5      | Reached XP level 7. HP: 20/51 MP: 3/15
  3690 | D:5      | Found a hide-covered altar of Uskayaw.
  3827 | D:5      | Reached skill level 5 in Stealth
  3919 | D:5      | Learned a level 2 spell: Sublimation of Blood
  4035 | D:5      | Reached XP level 8. HP: 55/57 MP: 13/16
  4172 | D:5      | Found a staircase to the Ecumenical Temple.
  4178 | Temple   | Entered the Ecumenical Temple
  4612 | Temple   | Became a worshipper of Kikubaaqudgha
  5015 | D:6      | Found a glowing drain.
  5029 | Sewer    | Entered a sewer
  5431 | Sewer    | Reached * piety under Kikubaaqudgha
  5431 | Sewer    | Received a gift from Kikubaaqudgha
  5555 | D:6      | Found a sand-covered staircase.
  5570 | Ossuary  | Entered an ossuary
  5802 | Ossuary  | HP: 12/60 [troll zombie (4)]
  5900 | Ossuary  | Reached ** piety under Kikubaaqudgha
  6050 | Ossuary  | Reached XP level 9. HP: 65/65 MP: 11/18
  6404 | D:6      | Found a runed translucent door.
  6406 | D:6      | Noticed b0nj0m0n's ghost (novice DDNe)
  6556 | D:6      | Found a runed translucent door.
  6624 | D:6      | Noticed a troll
  6636 | D:6      | Killed a troll
  6637 | D:6      | Reached skill level 8 in Necromancy
  7563 | D:7      | Noticed a hornet
  7753 | D:7      | Reached skill level 5 in Invocations
  7946 | D:6      | Killed a hornet
  7967 | D:7      | Identified the +2 leather armour "Dubodots" {Will+ Int+3}
  7987 | D:7      | Reached XP level 10. HP: 73/73 MP: 7/20
  8030 | D:7      | Reached skill level 5 in Fighting
  8030 | D:7      | Reached skill level 5 in Short Blades
  8030 | D:7      | Reached skill level 5 in Long Blades
  8030 | D:7      | Reached skill level 5 in Axes
  8030 | D:7      | Reached skill level 5 in Maces & Flails
  8030 | D:7      | Reached skill level 5 in Polearms
  8030 | D:7      | Reached skill level 5 in Staves
  8030 | D:7      | Reached skill level 5 in Slings
  8030 | D:7      | Reached skill level 5 in Bows
  8030 | D:7      | Reached skill level 5 in Crossbows
  8030 | D:7      | Reached skill level 5 in Throwing
  8030 | D:7      | Reached skill level 5 in Armour
  8030 | D:7      | Reached skill level 5 in Shields
  8030 | D:7      | Reached skill level 5 in Unarmed Combat
  8030 | D:7      | Reached skill level 5 in Evocations
  8036 | D:7      | HP: 12/74 [something (3)]
  8038 | D:7      | Killed from afar by an orc priest

Illustrated notes

Levels and vault maps discovered:
D:1:      scummos_arrival_checkerplants, layout_loops_ring, serial_shops, shop,
          basic_ecumenical_altar
D:2:      layout_loops_ring, minmay_door_square
D:3:      layout_basic
D:4:      layout_rooms, uniq_edmund
D:5:      layout_basic, nicolae_uskayaw_dance_hall, minmay_temple_entry_arrows,
          minmay_misc_feat_four_crosses, dk_rats_in_the_wall
D:6:      layout_layer_cave, ebering_ghost_sewer_f, nicolae_ossuary_entry_giza,
          cheibrodos_sewer_entry_sluice, serial_bayou_lagoon_a
D:7:      minmay_s_stair_smasher, layout_basic, hangedman_decor_peaks_small
Temple:   mainiacjoe_temple_big_plus

Skill      XL: |  1  2  3  4  5  6  7  8  9 10 |
---------------+-------------------------------+-----
Spellcasting   | 5 6 7 |  7.1
Invocations    | 1 2 3 4 5 |  5.5
Fighting       | 1 2 3 4 5 |  5.0
Short Blades   | 1 2 3 4 5 |  5.0
Long Blades    | 1 2 3 4 5 |  5.0
Axes           | 1 2 3 4 5 |  5.0
Maces & Flails | 1 2 3 4 5 |  5.0
Polearms       | 1 2 3 4 5 |  5.0
Staves         | 1 2 3 4 5 |  5.0
Slings         | 1 2 3 4 5 |  5.0
Bows           | 1 2 3 4 5 |  5.0
Crossbows      | 1 2 3 4 5 |  5.0
Throwing       | 1 2 3 4 5 |  5.0
Armour         | 1 2 3 4 5 |  5.0
Shields        | 1 2 3 4 5 |  5.0
Unarmed Combat | 1 2 3 4 5 |  5.0
Evocations     | 1 2 3 4 5 |  5.0
Conjurations   | 1 2 3 4 |  4.1
Hexes          | 1 2 3 4 |  4.1
Summonings     | 1 2 3 4 |  4.1
Translocations | 1 2 3 4 |  4.1
Transmutations | 1 2 3 4 |  4.1
Fire Magic     | 1 2 3 4 |  4.1
Ice Magic      | 1 2 3 4 |  4.1
Air Magic      | 1 2 3 4 |  4.1
Earth Magic    | 1 2 3 4 |  4.1
Poison Magic   | 1 2 3 4 |  4.1
Dodging        | 5 6 |  6.8
Stealth        | 5 6 |  6.6
Necromancy     | 8 |  8.3

Action                   |  1- 3 |  4- 6 |  7- 9 | 10-12 || total
-------------------------+-------+-------+-------+-------++-------
Melee: Dagger            |    13 |     7 |   110 |    19 ||   149
       Bite              |       |     2 |    43 |     2 ||    47
       Flail             |       |       |   179 |       ||   179
       Short sword       |       |       |    28 |       ||    28
Throw: Dart              |       |     1 |     8 |     3 ||    12
       Stone             |       |     1 |     1 |       ||     2
 Cast: Necrotize         |    57 |    69 |   165 |    11 ||   302
       Vampiric Draining |       |     2 |       |       ||     2
       Animate Dead      |       |       |     6 |       ||     6
Invok: Unearth Wretches  |       |       |     1 |       ||     1
Evoke: Wand              |       |       |    12 |       ||    12
  Use: Scroll            |       |     9 |     8 |       ||    17
       Potion            |       |       |     1 |       ||     1
 Stab: Sleeping          |       |       |    12 |       ||    12
       Paralysed         |       |       |     1 |       ||     1
Armor: Robe              |     2 |       |       |       ||     2
       Ring mail         |       |     4 |   122 |    19 ||   145
Dodge: Dodged            |    16 |    13 |   188 |    11 ||   228
Block: Buckler           |       |     7 |    70 |     7 ||    84

Table legend: (Time is in decaauts)
 A = Elapsed time spent in this place.
 B = Non-inter-level travel time spent in this place.
 C = Inter-level travel time spent in this place.
 D = Time resting spent in this place.
 E = Time spent auto-exploring this place.
 F = Levels seen in this place.
 G = Mean time per level.
                   A        B        C        D        E       F      G
               +--------+--------+--------+--------+--------+-----+--------+
         Total |   8204 |   7470 |    734 |    599 |   4549 |  10 |  820.4 |
       Dungeon |   6519 |   5834 |    685 |    579 |   3959 |   7 |  931.3 |
        Temple |    456 |    407 |     49 |      0 |    400 |   1 |  456.0 |
         Sewer |    598 |    598 |      0 |      0 |      0 |   1 |  598.0 |
       Ossuary |    629 |    629 |      0 |     20 |    190 |   1 |  629.0 |
               +--------+--------+--------+--------+--------+-----+--------+

Top non-repeatable levels by time:
     D:6: 1638 daAuts
     D:5: 999 daAuts
     D:2: 995 daAuts
     D:3: 976 daAuts
     D:1: 935 daAuts
     D:4: 647 daAuts
 Ossuary: 629 daAuts
   Sewer: 598 daAuts
  Temple: 456 daAuts
     D:7: 326 daAuts
